 Dungeon Crawl Stone Soup version 0.27-a0-1347-gd8886f0a89 (webtiles) character file.

Game seed: 8125527367843093406

254 tkbsonic5 the Skirmisher (level 5, -1/47 HPs)
             Began as a Draconian Fighter on June 27, 2021.
             Slain by a gnoll (5 damage)
             ... on level 4 of the Dungeon on June 28, 2021.
             The game lasted 00:12:21 (3434 turns).

tkbsonic5 the Skirmisher (Draconian Fighter)        Turns: 3434, Time: 00:12:22

Health: -1/47      AC:  5    Str: 19    XL:     5   Next: 91%
Magic:  5/5        EV: 10    Int:  8    God:
Gold:   189        SH:  9    Dex: 11    Spells: 4/4 levels left

rFire    . . .     SeeInvis .   l - +0 dagger (venom)
rCold    . . .     Faith    .   b - +0 kite shield
rNeg     . . .     Spirit   .   (armour unavailable)
rPois    .         Reflect  .   (helmet restricted)
rElec    .         Harm     .   (no cloak)
rCorr    .         Rampage  .   (no gloves)
Will     +....                  (no boots)
Stlth    +.........             (no amulet)
HPRegen  0.15/turn              n - ring of willpower
MPRegen  0.09/turn              (no ring)

@: lethally poisoned (-1 -> -6)
A: AC +5, unfitting armour, cold-blooded
a: no special abilities


You were on level 4 of the Dungeon.
You visited 1 branch of the dungeon, and saw 4 of its levels.

You collected 189 gold pieces.

Inventory:

Hand Weapons
 a - a +0 war axe
 d - a +0 hunting sling
 e - a +0 whip
 l - a +0 dagger of venom (weapon)
Armour
 b - a +0 kite shield (worn)
 f - a +0 ring mail
Magical Staves
 j - a staff of cold
Jewellery
 n - a ring of willpower (left hand)
Scrolls
 h - a scroll of noise
 i - a scroll of identify
Potions
 c - 2 potions of curing
 k - a potion of cancellation
 o - a potion of berserk rage {unknown}
 p - a potion of heal wounds


   Skills:
 * Level 4.6 Fighting
 * Level 3.5 Axes
 - Level 2.6 Dodging
 * Level 4.1 Shields
 * Level 2.6 Unarmed Combat


You had 4 spell levels left.
You didn't know any spells.
Your spell library contained the following spells:

 Spells                   Type           Power      Damage    Failure   Level
 Beastly Appendage        Tmut           0%         N/A       87%         1
 Summon Small Mammal      Summ           0%         N/A       87%         1
 Call Imp                 Summ           0%         N/A       95%         2
 Wereblood                Tmut           0%         N/A       95%         2
 Call Canine Familiar     Summ           0%         N/A       99%         3
 Spider Form              Tmut/Pois      0%         N/A       99%         3
 Summon Guardian Golem    Hex/Summ       0%         N/A       99%         3
 Ice Form                 Ice/Tmut       0%         N/A       100%        4
 Summon Ice Beast         Ice/Summ       0%         N/A       100%        4
 Summon Lightning Spire   Summ/Air       0%         N/A       100%        4


Dungeon Overview and Level Annotations

Branches:
Dungeon (4/15)
 Temple: D:4-7

Altars:

Annotations:
D:3 1 runed translucent door, Crazy Yiuf


Innate Abilities, Weirdness & Mutations

Your plain brown scales are hard. (AC +5)
You cannot fit into any form of body armour.
You are cold-blooded and may be slowed by cold attacks.


Message History

You see here a +0 whip.
You barely miss the gnoll. The gnoll hits you with a +0 spear.
You barely miss the gnoll. The gnoll hits you with a +0 spear.
* * * LOW HITPOINT WARNING * * *
You block the gnoll's attack.
As you read the scroll of fog, it crumbles to dust.
The scroll dissolves into smoke.
The gnoll closely misses you.
The gnoll hits you from afar with a +0 spear.
* * * LOW HITPOINT WARNING * * *
You see here a +0 dagger.
Your +0 dagger of venom begins to drip with poison!
l - a +0 dagger of venom (weapon)
You hit the gnoll but do no damage.
You tail-slap the gnoll, but do no damage.
The gnoll misses you. The gnoll hits you but does no damage.
You hit the gnoll.
The gnoll is lightly wounded.
The gnoll hits you with a +0 spear.
* * * LOW HITPOINT WARNING * * *
You hit the gnoll but do no damage.
The gnoll is poisoned.
The gnoll is lightly wounded.
The gnoll hits you but does no damage. You block the gnoll's attack.
You kill the gnoll!
You hit the gnoll but do no damage.
The gnoll is poisoned.
The gnoll hits you with a +2 whip of venom.
* * * LOW HITPOINT WARNING * * *
You are lethally poisoned!
* * * LOW HITPOINT WARNING * * *
You feel very sick.
* * * LOW HITPOINT WARNING * * *
You feel very sick.
* * * LOW HITPOINT WARNING * * *
You feel sick.
You closely miss the gnoll.
The gnoll is heavily wounded.
* * * LOW HITPOINT WARNING * * *
You feel sick.
The gnoll hits you with a +2 whip of venom.
You die...

#.#...##############
####.....##
##.......########
#.###.##
##.....)...g.).# #.#
#.##
##.......######.#
#.###.## #.#...####
#.# #.....# .##...#
#.# ##.#.## .##...#
#.# #.#.# .....##
#g###### #.#.#
.############
#.@....# #.#.#
.........>..#
####...######.#.#
###########.#
#...[.........# #.#
##...######.### #.#
##..# #..#
#.#####.##### #..#
#.## #..........#
#..# #.#
#.#####.###.###..#
#.# #..........# #.#


You could see a gnoll (very poisoned).

Vanquished Creatures
  A hound (D:4)
  Jessica (D:2)
  An iguana (D:4)
  2 orc wizards
  2 gnolls (D:4)
  An adder (D:3)
  A dart slug (D:3)
  12 orcs
  5 endoplasms
  5 giant cockroaches
  4 goblins
  9 hobgoblins
  11 jackals
  5 kobolds
  2 quokkas
  7 ball pythons
  4 bats
  4 frilled lizards
  A quokka skeleton (D:4)
  5 rats
83 creatures vanquished.

Vanquished Creatures (collateral kills)
  A worm (D:4)
1 creature vanquished.

Grand Total: 84 creatures vanquished

Notes
Turn   | Place    | Note
-------+----------+-------------------------------------------
     0 | D:1      | tkbsonic5 the Draconian Fighter began the quest for the
                  | Orb.
     0 | D:1      | Reached XP level 1. HP: 19/19 MP: 1/1
    90 | D:1      | Reached XP level 2. HP: 24/26 MP: 2/2
   316 | D:1      | Found a faded altar of an unknown god.
   509 | D:1      | Reached skill level 1 in Unarmed Combat
   803 | D:2      | Reached XP level 3. HP: 4/33 MP: 3/3
   818 | D:2      | Noticed Jessica
  1137 | D:2      | Killed Jessica
  1138 | D:2      | Reached XP level 4. HP: 17/40 MP: 4/4
  1596 | D:2      | You fall into a shaft and drop 1 floor!
  1655 | D:3      | Reached XP level 5. HP: 8/46 MP: 5/5
  2537 | D:3      | Found a runed translucent door.
  2538 | D:3      | Noticed Crazy Yiuf
  3434 | D:4      | Slain by a gnoll

Illustrated notes

Levels and vault maps discovered:
D:1:      wander_arrival_chamber, layout_basic,
          hellmonk_ecumenical_altar_heavens_door, minmay_close_crescents
D:2:      layout_basic, feat_on_display, uniq_jessica
D:3:      layout_loops_ring, chequers_serial_rivers_micro_b,
          uniq_crazy_yiuf_cottage
D:4:      layout_loops_ring, kennysheep_mini, kennysheep_small_square

Skill      XL: |  1  2  3  4  5 |
---------------+----------------+-----
Unarmed Combat | 1 2 |  2.6
Fighting       | 4 |  4.6
Axes           | 3 |  3.5
Shields        | 4 |  4.1
Dodging        | |  2.6

Action                   |  1- 3 |  4- 6 || total
-------------------------+-------+-------++-------
Melee: War axe           |    85 |   166 ||   251
       Tailslap          |    10 |    17 ||    27
       Dagger            |       |     5 ||     5
Evoke: Wand              |       |     3 ||     3
  Use: Potion            |     2 |     2 ||     4
       Scroll            |       |     8 ||     8
 Stab: Invisible         |       |     3 ||     3
       Sleeping          |       |     1 ||     1
Armor: Skin              |    33 |    78 ||   111
Dodge: Dodged            |    33 |    72 ||   105
Block: Kite shield       |    45 |    92 ||   137

Table legend: (Time is in decaauts)
 A = Elapsed time spent in this place.
 B = Non-inter-level travel time spent in this place.
 C = Inter-level travel time spent in this place.
 D = Time resting spent in this place.
 E = Time spent auto-exploring this place.
 F = Levels seen in this place.
 G = Mean time per level.
                   A        B        C        D        E       F      G
               +--------+--------+--------+--------+--------+-----+--------+
         Total |   3588 |   3588 |      0 |    443 |   2217 |   4 |  897.0 |
       Dungeon |   3588 |   3588 |      0 |    443 |   2217 |   4 |  897.0 |
               +--------+--------+--------+--------+--------+-----+--------+

Top non-repeatable levels by time:
     D:3: 1377 daAuts
     D:2: 841 daAuts
     D:1: 816 daAuts
     D:4: 553 daAuts
